 Dungeon Crawl Stone Soup version 0.29-a0-1043-g569b05d6ff (webtiles) character file.

Game seed: 12614622161817560206

1787 nickcage the Spear-Bearer (level 9, -12/61 HPs)
             Began as a Merfolk Gladiator on Aug 15, 2022.
             Was a Follower of Qazlal.
             Mangled by Prince Ribbit (14 damage)
             ... on level 6 of the Dungeon.
             The game lasted 00:15:52 (7703 turns).

nickcage the Spear-Bearer (Merfolk Gladiator)       Turns: 7703, Time: 00:15:52

Health: -12/61     AC: 12    Str: 18    XL:     9   Next: 8%
Magic:  9/9        EV:  7    Int:  7    God:    Qazlal [*.....]
Gold:   245        SH:  1    Dex: 22    Spells: 8/8 levels left

rFire   + . .      SeeInvis +   a - +0 trident (vamp)
rCold   . . .      Faith    +   (no shield)
rNeg    . . .      Spirit   .   g - +0 plate armour
rPois   +          Reflect  .   c - +0 helmet
rElec   .          Harm     .   p - +0 cloak
rCorr   .          Rampage  .   (no gloves)
Will    .....                   (no boots)
Stlth   ..........              j - amulet "Yrphekk" {Faith rPois rF+ SInv}
HPRegen 0.20/turn               C - +6 ring of dexterity
MPRegen 0.11/turn               (no ring)

@: no status effects
A: (nimble swimmer 2), mertail
a: Renounce Religion


You were on level 6 of the Dungeon.
You worshipped Qazlal.
Qazlal was aware of your devotion.
You visited 2 branches of the dungeon, and saw 8 of its levels.

You collected 245 gold pieces.

Inventory:

Hand Weapons
 a - a +0 vampiric trident (weapon)
Missiles
 d - 3 throwing nets
 e - a javelin
 I - 14 poisoned darts
Armour
 b - a +0 leather armour
 c - a +0 helmet (worn)
 g - a +0 plate armour (worn)
 p - a +0 cloak (worn)
Jewellery
 j - the amulet "Yrphekk" (around neck) {Faith rPois rF+ SInv}
   (You acquired it on level 4 of the Dungeon)

   [amulet of faith]

   It allows you to gain divine favour quickly.
   rF:        It protects you from fire.
   rPois:     It protects you from poison.
   SInv:      It lets you see invisible.
 l - an amulet of the acrobat
 C - a +6 ring of dexterity (left hand)
Wands
 u - a wand of charming (8)
 x - a wand of flame (7) (quivered)
 A - a wand of roots (4)
Scrolls
 h - a scroll of brand weapon
 k - a scroll of identify
 r - a scroll of magic mapping
 s - a scroll of noise {unknown}
 y - a scroll of torment {unknown}
 B - 2 scrolls of enchant weapon {unknown}
 D - 2 scrolls of vulnerability {unknown}
 H - a scroll of teleportation
 K - a scroll of fear
Potions
 f - 3 potions of magic
 i - a potion of berserk rage
 m - 3 potions of mutation
 n - 2 potions of flight
 o - a potion of brilliance {unknown}
 q - a potion of cancellation {unknown}
 t - a potion of invisibility {unknown}
 v - a potion of attraction {unknown}
 w - a potion of curing {unknown}
 z - a potion of haste {unknown}
 E - a potion of ambrosia {unknown}
 F - 2 potions of resistance {unknown}
 G - a potion of heal wounds {unknown}
 L - 2 potions of might {unknown}


   Skills:
 - Level 2.1 Fighting
 + Level 14.9 Polearms
 - Level 2.0 Throwing
 - Level 4.0 Dodging
 + Level 0.1 Shields
 - Level 1.0 Evocations


You had 8 spell levels left.
You didn't know any spells.
Your spell library contained the following spells:

 Spells                   Type           Power      Damage    Failure   Level
 Dazzling Flash           Conj/Hex       0%         N/A       100%        3
 Iskenderun's Mystic Bla  Conj/Tloc      0%         2d3       100%        4
 Starburst                Conj/Fire      0%         6d3       100%        6


Dungeon Overview and Level Annotations

Branches:
Dungeon (7/15)             Temple (1/1) D:5

Altars:
Ashenzari
Cheibriados
Dithmenos
Elyvilon
Fedhas
Gozag
Hepliaklqana
Kikubaaqudgha
Makhleb
Nemelex Xobeh
Okawaru
Qazlal
Ru
Sif Muna
Trog
Vehumet
Wu Jian
Xom
Yredelemnul
Zin
The Shining One

Shops:
D:4 [   D:5 :

Annotations:
D:6 Prince Ribbit


Innate Abilities, Weirdness & Mutations

((You are very nimble when in or above water. (Stealth+, EV+, Speed+++)))
Your lower body shifts to a powerful aquatic tail in water.


Message History

* * * LOW HITPOINT WARNING * * *
Okay, then.
Blink to where?
Press: ? - help, Dir - move target
As you read the scroll of blinking, it crumbles to dust.
Prince Ribbit blinks!
You start resting.
Prince Ribbit is nearby!
Aiming: Throw Flame
Press: ? - help, Q - select action, (/) - cycle Shift-Dir - straight line, f - Prince Ribbit
Aim: Prince Ribbit (moderately wounded, 45% to hit)
The puff of flame misses Prince Ribbit.
Aiming: Throw Flame
Press: ? - help, Q - select action, (/) - cycle Shift-Dir - straight line, f/p - Prince Ribbit
Aim: Prince Ribbit (moderately wounded, 45% to hit)
The puff of flame hits Prince Ribbit!
Prince Ribbit is heavily wounded.
You barely miss Prince Ribbit.
Prince Ribbit is heavily wounded.
Prince Ribbit hits you!
* * * LOW HITPOINT WARNING * * *
You miss Prince Ribbit.
Prince Ribbit is heavily wounded.
Prince Ribbit barely misses you.
You completely miss Prince Ribbit.
Prince Ribbit is heavily wounded.
Prince Ribbit blinks!
Aiming: Throw Flame
Press: ? - help, Q - select action, (/) - cycle Shift-Dir - straight line, f/p - Prince Ribbit
Aim: Prince Ribbit (heavily wounded, 45% to hit)
The puff of flame misses Prince Ribbit.
Aiming: Throw Flame
Press: ? - help, Q - select action, (/) - cycle Shift-Dir - straight line, f/p - Prince Ribbit
Aim: Prince Ribbit (heavily wounded, 45% to hit)
The puff of flame hits Prince Ribbit.
Prince Ribbit is severely wounded.
You barely miss Prince Ribbit.
Prince Ribbit is heavily wounded.
Prince Ribbit hits you!
You die...

#.######.#
.........#
..#####..#####
.............#
......######.#
..#####_## #.#
..####...#####
.##.........## ###
##..##...##..###@#
_..###_._###.._#F#
##..#######..###.#
+##.........####.##
..#####.#####.....#
...## #'###.......#
....###..#........#
.....##...........#
.....'............#


You could see Prince Ribbit.

Vanquished Creatures
  A steam dragon (D:6)
  Duvessa (D:4)
  3 ice beasts
  An ogre (D:5)
  3 phantoms
  A centaur (D:6)
  A kobold brigand (D:6)
  A bullfrog (D:6)
  A wight (D:4)
  Dowan (D:4)
  4 killer bees (D:6)
  2 howler monkeys
  2 jellies (D:6)
  Crazy Yiuf (D:5)
  3 hounds
  2 iguanas
  9 adders
  4 ufetubi
  A worm (D:3)
  A dart slug (D:1)
  6 orcs
  5 endoplasms
  2 giant cockroaches
  3 hobgoblins
  4 jackals
  A quokka (D:1)
  A ball python (D:4)
  3 bats
  A frilled lizard (D:1)
  5 goblins
  12 kobolds
  3 rats
89 creatures vanquished.

Vanquished Creatures (others)
  2 plants (D:1)
2 creatures vanquished.

Grand Total: 91 creatures vanquished

Notes
Turn   | Place    | Note
-------+----------+-------------------------------------------
     0 | D:1      | nickcage the Merfolk Gladiator began the quest for the Orb.
     0 | D:1      | Reached XP level 1. HP: 16/16 MP: 1/1
   168 | D:1      | Reached XP level 2. HP: 22/22 MP: 2/2
   322 | D:1      | You fall into a shaft and drop 1 floor!
   365 | D:1      | Found a faded altar of an unknown god.
   572 | D:1      | Reached skill level 5 in Polearms
  1203 | D:2      | Reached XP level 3. HP: 27/27 MP: 3/3
  2026 | D:3      | Reached skill level 6 in Polearms
  2152 | D:3      | Reached XP level 4. HP: 33/33 MP: 4/4
  2494 | D:3      | Found a faded altar of an unknown god.
  3146 | D:4      | Noticed Dowan
  3158 | D:4      | Noticed Duvessa
  3541 | D:4      | Reached skill level 7 in Polearms
  3557 | D:3      | Found a sacrificial altar of Ru.
  3681 | D:4      | Killed Duvessa
  3682 | D:4      | Reached skill level 8 in Polearms
  3682 | D:4      | Reached XP level 5. HP: 22/38 MP: 5/5
  3986 | D:4      | Identified a scroll of acquirement
  3986 | D:4      | Acquired the amulet "Yrphekk" {Faith rPois rF+ SInv}
  4044 | D:4      | Killed Dowan
  4045 | D:4      | Reached XP level 6. HP: 27/44 MP: 6/6
  4201 | D:4      | Reached skill level 9 in Polearms
  4359 | D:4      | Found Woinuo's Antique Armour Boutique.
  4370 | D:5      | Entered Level 5 of the Dungeon
  4529 | D:5      | HP: 1/44 [ogre/+0 giant spiked club (15)]
  4532 | D:5      | Reached skill level 10 in Polearms
  4532 | D:5      | Reached XP level 7. HP: 5/50 MP: 7/7
  5154 | D:5      | Reached skill level 11 in Polearms
  5264 | D:5      | Reached skill level 1 in Evocations
  5434 | D:5      | Found a staircase to the Ecumenical Temple.
  5454 | D:5      | Reached XP level 8. HP: 56/56 MP: 8/8
  5458 | Temple   | Entered the Ecumenical Temple
  5518 | Temple   | Became a worshipper of Qazlal Stormbringer
  5671 | D:5      | Reached skill level 12 in Polearms
  5724 | D:5      | Found a runed translucent door.
  5725 | D:5      | Noticed Crazy Yiuf
  5733 | D:5      | Killed Crazy Yiuf
  5842 | D:5      | Found Pitugg's Book Emporium.
  6235 | D:6      | Reached skill level 13 in Polearms
  6392 | D:6      | Found a snail-covered altar of Cheibriados.
  6392 | D:6      | Found a broken altar of Ashenzari.
  6399 | D:6      | Found a faded altar of an unknown god.
  6401 | D:6      | Found a sparkling altar of Nemelex Xobeh.
  6403 | D:6      | Found a faded altar of an unknown god.
  6604 | D:6      | Reached * piety under Qazlal
  6616 | D:6      | Reached skill level 14 in Polearms
  7052 | D:6      | Reached XP level 9. HP: 52/61 MP: 9/9
  7670 | D:7      | Noticed Prince Ribbit
  7698 | D:6      | HP: 1/61 [Prince Ribbit (7)]
  7703 | D:6      | Mangled by Prince Ribbit

Illustrated notes

Levels and vault maps discovered:
D:1:      evilmike_arrival_plus, layout_loops_ring, serial_forest,
          infiniplex_forest_straight_4, infiniplex_forest_end_1,
          infiniplex_forest_lined_room_3, infiniplex_forest_straight_5,
          infiniplex_forest_clump_cross, infiniplex_forest_lined_room_,
          infiniplex_forest_lined_corner, shapermc_ecumenical_altar_ellora,
          st_stairs_3, nicolae_figureground_pulse
D:2:      layout_loops_ring
D:3:      layout_loops_ring, nicolae_overflow_ecumenical_swirl,
          serial_co_window_serial, co_window_paths_a, co_window_corner_a,
          co_window_corner_a, co_window_paths_a, co_window_paths_b,
          co_window_corner_cb, co_window_paths_c, co_window_corner_ca,
          co_window_4corner_b, co_window_4corner_a, glass_columns_a,
          glass_columns_c, nrook_mini_vaults, kennysheep_generic_room_13
D:4:      layout_loops_ring, serial_shops, nicolae_stop_n_shop_1,
          minmay_pentangle, uniq_duvessa
D:5:      layout_cave_pools, minmay_temple_entry_overgrown, serial_shops,
          kennysheep_mini_moat, eino_small_chamber_without_monster, st_stairs_3,
          uniq_crazy_yiuf_cottage
D:6:      layout_loops_corners, chequers_temple_overflow_minitemple
D:7:      minmay_the_grid_octo_tiled_octocenter [minmay_the_grid_octo_odd_swirl,
          minmay_the_grid_octo_clover_2, minmay_the_grid_octo_fan_narrow,
          minmay_the_grid_octo_tetromino_candy,
          minmay_the_grid_octo_prize_square_snowflake,
          minmay_the_grid_square_5x5_inner_i, minmay_the_grid_square_5x5_v,
          minmay_the_grid_square_5x5_three, minmay_the_grid_square_5x5_bite],
          layout_rooms, serial_park_tiny_1, uniq_prince_ribbit1
Temple:   bh_familiar_temple

Skill      XL: |  1  2  3  4  5  6  7  8 |
---------------+-------------------------+-----
Polearms       | 5 6 8 10 11 14 | 14.9
Evocations     | 1 |  1.0
Fighting       | |  2.1
Throwing       | |  2.0
Dodging        | |  4.0
Shields        | |  0.1

Action                   |  1- 3 |  4- 6 |  7- 9 || total
-------------------------+-------+-------+-------++-------
Melee: Trident           |    89 |   126 |   285 ||   500
       Punch             |       |     2 |     5 ||     7
Throw: Throwing net      |       |     1 |       ||     1
Evoke: Wand              |       |     5 |     4 ||     9
  Use: Scroll            |       |     8 |     6 ||    14
Armor: Leather armour    |     3 |       |       ||     3
       Plate armour      |    26 |    66 |   134 ||   226
Dodge: Dodged            |    22 |    23 |    61 ||   106
Block: Other             |       |       |     2 ||     2

Table legend: (Time is in decaauts)
 A = Elapsed time spent in this place.
 B = Non-inter-level travel time spent in this place.
 C = Inter-level travel time spent in this place.
 D = Time resting spent in this place.
 E = Time spent auto-exploring this place.
 F = Levels seen in this place.
 G = Mean time per level.
                   A        B        C        D        E       F      G
               +--------+--------+--------+--------+--------+-----+--------+
         Total |   7601 |   7380 |    221 |   1189 |   5222 |   8 |  950.1 |
       Dungeon |   7400 |   7206 |    194 |   1189 |   5064 |   7 | 1057.1 |
        Temple |    200 |    173 |     27 |      0 |    158 |   1 |  200.0 |
               +--------+--------+--------+--------+--------+-----+--------+

Top non-repeatable levels by time:
     D:6: 1663 daAuts
     D:3: 1529 daAuts
     D:5: 1328 daAuts
     D:1: 1163 daAuts
     D:4: 999 daAuts
     D:2: 711 daAuts
  Temple: 200 daAuts
     D:7: 5 daAuts
